 Dungeon Crawl Stone Soup version 0.16-a0-3300-g0332368 (webtiles) character file.

917 Kemay the Insei (level 8, -10/52 HPs)
             Began as an Octopode Monk on Dec 25, 2014.
             Was an Elder of Kikubaaqudgha.
             Mangled by an ogre
             ... wielding a +0 giant spiked club
              (25 damage)
             ... on level 6 of the Dungeon.
             The game lasted 00:14:04 (4858 turns).

Kemay the Insei (Octopode Monk)                     Turns: 4858, Time: 00:14:04

Health: -10/52     AC:  1    Str: 11    XL:     8   Next: 9%
Magic:  8/8        EV: 20    Int: 14    God:    Kikubaaqudgha [****..]
Gold:   271        SH:  0    Dex: 14    Spells: 1 memorised, 4 levels left

rFire  + . .     SeeInvis .       - Unarmed
rCold  + . .     Clarity  .     (no shield)
rNeg   . . .     SustAb   .     (helmet restricted)
rPois  .         Gourm    .     (no amulet)
rElec  .         Spirit   .     d - +4 ring of evasion
rCorr  .         Warding  .     z - ring of protection from cold
rMut   .         Stasis   .     f - ring of protection from fire
MR     .....                    (no ring)
Stlth  +++.......               (no ring)
                                (no ring)
                                (no ring)
                                (no ring)

@: not resistant to hostile enchantments, fairly stealthy
A: almost no armour, amphibious, 8 rings, constrict 8, camouflage 1, gelatinous
body 1
a: Receive Corpses, Renounce Religion


You were on level 6 of the Dungeon.
You worshipped Kikubaaqudgha.
Kikubaaqudgha was greatly pleased with you.
You were not hungry.

You visited 1 branch of the dungeon, and saw 6 of its levels.
You also visited: Sewer.

You collected 271 gold pieces.

Inventory:

Missiles
 l - 4 javelins (quivered)
Jewellery
 d - a +4 ring of evasion (left tentacle)
 f - a ring of protection from fire (on tentacle)
 z - a ring of protection from cold (right tentacle)
Magical devices
 x - a wand of fireball (3)
 y - a wand of cold (7)
Scrolls
 m - 4 scrolls of teleportation
 s - 2 scrolls of fear
 t - a scroll of recharging
Potions
 a - 2 potions of might
 e - 2 potions of heal wounds
 g - 4 potions of curing
 h - a potion of brilliance
 j - a potion of berserk rage
 k - 2 potions of ambrosia
 q - a potion of haste {unknown}
 r - a potion of magic {unknown}
 u - 2 potions of flight {unknown}
 w - 2 potions of poison {unknown}
 A - a potion of restore abilities {unknown}
Books
 i - Kikubaaqudgha's Grimoire of Stolen Souls
   (Kikubaaqudgha gifted it to you on level 2 of the Dungeon)

   Spells                             Type                      Level
   a - Animate Skeleton               Necromancy                   1
   b - Corpse Rot                     Necromancy                   2
   c - Sublimation of Blood           Necromancy                   2
   d - Regeneration                   Charms/Necromancy            3
   e - Control Undead                 Necromancy                   4
 p - Kikubaaqudgha's Incunabulum of Evil Magic
   (Kikubaaqudgha gifted it to you on level 4 of the Dungeon)

   Spells                             Type                      Level
   a - Excruciating Wounds            Charms/Necromancy            5
   b - Bolt of Draining               Conjuration/Necromancy       5
   c - Cigotuvi's Embrace             Necromancy                   5
   d - Dispel Undead                  Necromancy                   5
   e - Death Channel                  Necromancy                   6
 v - a book of Cantrips

   Spells                             Type                      Level
   a - Corona                         Hexes                        1
   b - Animate Skeleton               Necromancy                   1
   c - Summon Small Mammal            Summoning                    1
   d - Apportation                    Translocation                1
Comestibles
 b - 3 bread rations
 c - 3 chunks of flesh
 n - 2 beef jerkies
 o - a meat ration


   Skills:
 - Level 3.0 Fighting
 * Level 6.7 Dodging
 - Level 2.6 Stealth
 * Level 7.4 Unarmed Combat
 + Level 2.0 Charms


You had 4 spell levels left.
You knew the following spells:

 Your Spells              Type           Power        Failure   Level  Hunger
a - Regeneration          Chrm/Necr      #.........   61%         3    ####...


Dungeon Overview and Level Annotations

Branches:
Dungeon (6/15)
 Temple: D:4-7

Altars:
Elyvilon
Fedhas
Kikubaaqudgha
Zin


Innate Abilities, Weirdness & Mutations

You cannot wear most types of armour.
You are amphibious.
You can wear up to eight rings at the same time.
You can use your tentacles to constrict many enemies at once.
Your skin changes colour to match your surroundings (Stealth).
Your rubbery body absorbs attacks (AC +1).


Message History

Kikubaaqudgha accepts your kill.
No target in view!
You tentacle-slap the ogre but do no damage.
You tentacle-slap the ogre.
The ogre is lightly wounded.
The ogre hits you with a giant spiked club!!
You bludgeon the ogre!
The ogre is heavily wounded.
The ogre hits you with a giant spiked club!!
* * * LOW HITPOINT WARNING * * *
You are too injured to fight recklessly!
You tentacle-slap the ogre but do no damage.
You squeeze the ogre.
The ogre is severely wounded.
You tentacle-slap the ogre but do no damage.
You tentacle-slap the ogre. You squeeze the ogre, but do no damage.
The ogre is severely wounded.
The ogre hits you with a giant spiked club!!
You die...
Kikubaaqudgha rasps: "You have failed me!
Welcome... death!"

##.......###
##.......###.
##........##..
##.......>###.#
#.........##.## .##
##........##.##.
....#
#.........#.###.
#....####.......#.##
.. #O@.##.>...#.##
#.. ####........##
... ###......# ...
####...# #...# ....#
. .


You could see an ogre.

Vanquished Creatures
  A centaur (D:5)
  2 big kobolds (Sewer)
  Sigmund (D:3)
  A scorpion (D:4)
  2 crimson imps (D:5)
  A centaur zombie (D:6)
  An orc priest (D:4)
  3 iguanas
  2 orc wizards
  A worker ant (D:5)
  9 adders
  A river rat (Sewer)
  4 giant mites
  5 worms
  5 giant geckos
  6 orcs
  9 ball pythons
  8 bats
  A bat zombie (D:6)
  18 goblins
  8 hobgoblins
  11 jackals
  4 oozes
  4 quokkas
  4 giant cockroaches
  2 giant gecko skeletons
  2 giant newts
  18 kobolds
  12 rats
146 creatures vanquished.

Notes
Turn   | Place    | Note
--------------------------------------------------------------
     0 | D:1      | Kemay, the Octopode Monk, began the quest for the Orb.
     0 | D:1      | Reached XP level 1. HP: 16/16 MP: 1/1
    56 | D:1      | Reached XP level 2. HP: 18/21 MP: 2/2
   797 | D:2      | Found a blossoming altar of Fedhas.
   820 | D:2      | Reached XP level 3. HP: 19/26 MP: 3/3
  1243 | D:2      | Found a white marble altar of Elyvilon.
  1401 | D:2      | Reached XP level 4. HP: 26/31 MP: 4/4
  1510 | D:2      | Found an ancient bone altar of Kikubaaqudgha.
  1520 | D:2      | Found a glowing silver altar of Zin.
  1527 | D:2      | Became a worshipper of Kikubaaqudgha
  1527 | D:2      | Acquired Kikubaaqudgha's first power
  1527 | D:2      | Received a gift from Kikubaaqudgha
  1527 | D:2      | Acquired Kikubaaqudgha's second power
  1528 | D:2      | Identified Kikubaaqudgha's Grimoire of Stolen Souls (Kikubaaqudgha gifted it to you on level 2 of the Dungeon)
  1533 | D:2      | Learned a level 3 spell: Regeneration
  1806 | D:3      | Reached skill level 5 in Unarmed Combat
  1944 | D:3      | Noticed Sigmund
  1956 | D:3      | Killed Sigmund
  1956 | D:3      | Reached XP level 5. HP: 13/36 MP: 5/5
  2711 | D:4      | Received a gift from Kikubaaqudgha
  2720 | D:4      | Identified Kikubaaqudgha's Incunabulum of Evil Magic (Kikubaaqudgha gifted it to you on level 4 of the Dungeon)
  2726 | D:4      | Found a glowing drain.
  2730 | Sewer    | Entered a sewer
  2872 | Sewer    | Reached skill level 5 in Dodging
  2872 | Sewer    | Reached skill level 6 in Unarmed Combat
  2872 | Sewer    | Reached XP level 6. HP: 32/42 MP: 6/6
  3445 | D:4      | Reached XP level 7. HP: 44/46 MP: 7/7
  3620 | D:4      | Acquired Kikubaaqudgha's third power
  3817 | D:5      | Entered Level 5 of the Dungeon
  4093 | D:5      | Reached skill level 7 in Unarmed Combat
  4093 | D:5      | Reached skill level 1 in Charms
  4540 | D:5      | Reached XP level 8. HP: 40/52 MP: 8/8
  4858 | D:6      | Mangled by an ogre

Action                   |  1- 3 |  4- 6 |  7- 9 || total
-------------------------+-------+-------+-------++-------
Melee: Unarmed           |    89 |   152 |   117 ||   358
  Use: Scroll            |     6 |     5 |     6 ||    17
 Stab: Sleeping          |    11 |    15 |     8 ||    34
  Eat: Chunk             |     1 |     7 |     3 ||    11
       Pizza             |       |       |     1 ||     1
